 Dungeon Crawl Stone Soup version 0.22.0-49-gab54619 (webtiles) character file.

5035 robertstho the Grappler (level 10, -12/90 (91) HPs)
             Began as a Troll Monk on Sept 7, 2018.
             Shot with an arrow by a deep elf archer (18 damage)
             ... on level 8 of the Dungeon.
             The game lasted 00:12:58 (5667 turns).

robertstho the Grappler (Troll Monk)                Turns: 5667, Time: 00:13:02

HP:   -12/90 (91)   AC:  8    Str: 24    XL:     10   Next: 30%
MP:   18/18         EV: 12    Int:  6    God:
Gold: 420           SH:  0    Dex: 12    Spells: 9/9 levels left

rFire    . . .     SeeInvis .     - Unarmed
rCold    . . .     Gourm    +   (no shield)
rNeg     . . .     Faith    .   a - +0 robe
rPois    .         Spirit   .   z - +2 hat
rElec    .         Reflect  .   t - +0 cloak
rCorr    .         Harm     .   (gloves unavailable)
MR       .....                  (boots unavailable)
Stlth    ++........             (no amulet)
HPRegen  0.65/turn              q - ring of magical power
MPRegen  0.16/turn              (no ring)

@: lethally poisoned (-12 -> -13), about to teleport, slowed, very slow
A: large, unfitting armour, claws 3, fast metabolism 3, gourmand, regeneration
1, shaggy fur 1, tough skin 2
a: no special abilities


You were on level 8 of the Dungeon.
You were very full.

You visited 1 branch of the dungeon, and saw 8 of its levels.

You collected 420 gold pieces.

Inventory:

Hand Weapons
 j - a +0 falchion of holy wrath
 r - a cursed -1 hand axe
 s - a +4 scimitar
 w - a +3 flail of draining
Missiles
 i - 3 throwing nets (quivered)
Armour
 a - a +0 robe (worn)
 t - a +0 cloak (worn)
 z - a +2 hat (worn)
Jewellery
 q - a ring of magical power (left claw)
Wands
 p - a wand of polymorph (11)
 u - a wand of random effects (36)
 y - a wand of iceblast (17)
 A - a wand of disintegration (13)
Scrolls
 d - 5 scrolls of remove curse
 f - 2 scrolls of fog {unknown}
 g - a scroll of amnesia {unknown}
 h - 3 scrolls of teleportation
 k - a scroll of enchant armour {unknown}
 l - a scroll of blinking {unknown}
 o - 2 scrolls of fear
 v - 2 scrolls of immolation
Potions
 c - 3 potions of cancellation
 e - 3 potions of curing
 m - a potion of resistance
 n - 4 potions of lignification
Comestibles
 b - 21 rations


   Skills:
 + Level 3.5 Fighting
 * Level 6.2 Dodging
 + Level 2.4 Stealth
 * Level 12.7 Unarmed Combat


You had 9 spell levels left.
You didn't know any spells.
Your spell library contained the following spells:

 Spells                   Type           Power        Failure   Level  Hunger
 Animate Skeleton         Necr           N/A          45%         1    ##.....
 Apportation              Tloc           #.....       45%         1    ##.....
 Confusing Touch          Hex            #.....       45%         1    ##.....
 Flame Tongue             Conj/Fire      #....        45%         1    ##.....
 Magic Dart               Conj           #...         45%         1    ##.....
 Pain                     Necr           #...         45%         1    ##.....
 Summon Small Mammal      Summ           #...         45%         1    ##.....
 Searing Ray              Conj           #.....       58%         2    ###....
 Throw Flame              Conj/Fire      #.....       58%         2    ###....
 Conjure Flame            Conj/Fire      #.......     83%         3    ####...
 Dazzling Spray           Conj/Hex       #.....       83%         3    ####...
 Inner Flame              Hex/Fire       #.......     83%         3    ####...
 Regeneration             Chrm/Necr      #.........   83%         3    ####...
 Vampiric Draining        Necr           #.........   83%         3    ####...
 Animate Dead             Necr           N/A          99%         4    #####..
 Force Lance              Conj/Tloc      #.......     99%         4    #####..
 Fulminant Prism          Conj/Hex       #.........   99%         4    #####..
 Iskenderun's Mystic Bla  Conj           #.......     99%         4    #####..
 Sticky Flame             Conj/Fire      #.......     99%         4    #####..
 Fireball                 Conj/Fire      #.........   100%        5    ######.


Dungeon Overview and Level Annotations

Branches:
Dungeon (8/15)             Temple (0/1) D:4
   Lair: D:8-11

Altars:
Dithmenos
Fedhas
Hepliaklqana
Vehumet
Zin
Beogh

Shops:
D:7 :


Innate Abilities, Weirdness & Mutations

You are too large for most types of armour.
You have claws for hands.
Your metabolism is lightning-fast.
You like to eat raw meat.
Your natural rate of healing is unusually fast.
You are covered in fur. (AC +1)
You have very tough skin. (AC +2)


Message History

* * * LOW HITPOINT WARNING * * *
The hornet barely misses you. The necrophage hits you.
* * * LOW HITPOINT WARNING * * *
You feel your flesh rotting away! The hornet stings you.
* * * LOW HITPOINT WARNING * * *
You are poisoned.
You feel as though you will be slow longer.
As you read the scroll of fear, it crumbles to dust.
You assume a fearsome visage.
The iguana looks frightened!
The worker ant looks frightened!
The hornet looks frightened!
The necrophage is unaffected.
You feel sick.
Cornered, the worker ant turns to fight!
The necrophage barely misses you.
As you read the scroll labeled HOUG FACAFRAJ, it crumbles to dust.
You feel strangely unstable.
It was a scroll of teleportation.
You feel sick. The necrophage closely misses you. x2
The deep elf archer unwields an uncursed enchanted short sword.
The deep elf archer wields an uncursed longbow.
The deep elf archer shoots an arrow.
The arrow hits you!!
You die...

# ............... #
#..............
#.y............
#...............
##...............
#................ ......
.........†....§§≈ ≈≈≈....
........n@..§≈≈§≈ ≈§≈≈...
...........≈§≈≈## #§§≈..
..........§≈≈8## ..##§≈§.
.........≈≈≈a## ...##≈≈.
........≈≈≈.8#. #..#§§.
........≈≈>.e'.. +.Y#§≈.
........≈§<..'..# #a.#§≈.
........≈≈≈l8#..####..#§§.
.........≈§§.##..... ##≈§.


You could see a deep elf archer, a hornet (fleeing), a necrophage, an iguana
(fleeing) and a worker ant.

Vanquished Creatures
  Harold (D:7)
  The ghost of LA the Cleaver, a novice MiFi of Okawaru (D:6)
  A wyvern (D:8)
  A hungry ghost (D:7)
  A warg (D:6)
  Edmund (D:5)
  3 orc warriors
  A sky beast (D:8)
  4 ogres
  5 centaurs
  A bullfrog (D:7)
  4 scorpions (D:4)
  8 killer bees
  5 wights (D:8)
  3 howler monkeys
  2 lava snakes (D:8)
  A centaur zombie (D:7)
  4 crimson imps
  A quasit (D:7)
  5 hounds
  A jelly (D:6)
  9 orc priests
  2 centaur skeletons (D:7)
  2 iguanas
  Jessica (D:3)
  3 orc wizards
  3 worker ants
  12 adders
  2 shadow imps
  3 adder skeletons
  An adder zombie (D:6)
  2 worms (D:3)
  4 leopard geckos
  32 orcs
  2 ball pythons
  7 bats
  4 giant cockroaches
  12 goblins
  9 hobgoblins
  9 jackals
  6 kobolds
  2 quokkas (D:7)
  5 frilled lizards
  2 leopard gecko skeletons
  A quokka skeleton (D:4)
  7 rats
196 creatures vanquished.

Notes
Turn   | Place    | Note
-------+----------+-------------------------------------------
     0 | D:1      | robertstho the Troll Monk began the quest for the Orb.
     0 | D:1      | Reached XP level 1. HP: 22/22 MP: 0/0
   180 | D:1      | Reached XP level 2. HP: 29/29 MP: 1/1
   675 | D:2      | Reached XP level 3. HP: 29/36 MP: 2/2
  1115 | D:3      | Noticed a centaur
  1128 | D:3      | Killed a centaur
  1128 | D:3      | Reached skill level 4 in Unarmed Combat
  1128 | D:3      | Reached XP level 4. HP: 21/44 MP: 3/3
  1128 | D:3      | Reached XP level 5. HP: 24/50 MP: 4/4
  1340 | D:3      | Noticed Jessica
  1351 | D:3      | Killed Jessica
  1351 | D:3      | Reached skill level 5 in Unarmed Combat
  1366 | D:3      | Found a blossoming altar of Fedhas.
  1574 | D:4      | Reached XP level 6. HP: 55/59 MP: 5/5
  1622 | D:4      | Found a staircase to the Ecumenical Temple.
  1711 | D:4      | Reached skill level 6 in Unarmed Combat
  1855 | D:4      | Reached XP level 7. HP: 42/66 MP: 6/6
  2106 | D:4      | Reached skill level 7 in Unarmed Combat
  2133 | D:4      | Found a hazy altar of Hepliaklqana.
  2241 | D:5      | Entered Level 5 of the Dungeon
  2327 | D:5      | Noticed Edmund
  2338 | D:5      | Killed Edmund
  2487 | D:5      | Reached skill level 8 in Unarmed Combat
  2573 | D:5      | Reached XP level 8. HP: 56/74 MP: 7/7
  2728 | D:5      | Found a radiant altar of Vehumet.
  2883 | D:6      | Found a shadowy altar of Dithmenos.
  2958 | D:6      | Found a runed gate.
  2958 | D:6      | Found a runed gate.
  2961 | D:6      | Found a runed gate.
  2996 | D:6      | Reached skill level 9 in Unarmed Combat
  3653 | D:6      | Noticed LA's ghost (novice MiFi)
  3669 | D:6      | Found a roughly hewn altar of Beogh.
  3684 | D:6      | Reached skill level 10 in Unarmed Combat
  3696 | D:6      | Killed LA's ghost
  3696 | D:6      | Reached skill level 5 in Dodging
  3696 | D:6      | Reached XP level 9. HP: 44/81 MP: 8/8
  4076 | D:7      | Reached skill level 11 in Unarmed Combat
  4129 | D:7      | Noticed Harold
  4141 | D:7      | Killed Harold
  4495 | D:7      | Reached skill level 12 in Unarmed Combat
  4545 | D:7      | Found a glowing silver altar of Zin.
  4680 | D:7      | Found Ynue's Book Shoppe.
  4704 | D:7      | Reached XP level 10. HP: 89/91 MP: 9/9
  5368 | D:8      | Noticed a deep elf archer
  5667 | D:8      | Shot with an arrow by a deep elf archer

Skill      XL: |  1  2  3  4  5  6  7  8  9 10 |
---------------+-------------------------------+-----
Dodging        | 3 4 5 6 |  6.2
Unarmed Combat | 4 5 6 8 10 12 | 12.7
Stealth        | 2 |  2.4
Fighting       | 3 |  3.5

Action                   |  1- 3 |  4- 6 |  7- 9 | 10-12 || total
-------------------------+-------+-------+-------+-------++-------
Melee: Unarmed           |    93 |   100 |   294 |   108 ||   595
       Punch             |       |     3 |    16 |     1 ||    20
  Use: Scroll            |       |       |     9 |     2 ||    11
       Potion            |       |       |     1 |     2 ||     3
 Stab: Sleeping          |     4 |     2 |     2 |       ||     8
  Eat: Chunk             |    16 |     7 |    35 |     7 ||    65
Armor: Robe              |    37 |    26 |    83 |    30 ||   176
Dodge: Dodged            |    51 |    62 |   133 |    86 ||   332
